 Dungeon Crawl Stone Soup version 0.29.1-1-gd02db6906a (webtiles) character file.

Game seed: 10206198819837573338

16 Senryu the Shooter (level 2, -3/25 HPs)
             Began as a Minotaur Hunter on Oct 2, 2022.
             Slain by a worm (9 damage)
             ... on level 1 of the Dungeon.
             The game lasted 00:01:50 (365 turns).

Senryu the Shooter (Minotaur Hunter)                 Turns: 365, Time: 00:01:55

Health: -3/25      AC:  3    Str: 15    XL:     2   Next: 37%
Magic:  1/1        EV: 12    Int:  6    God:
Gold:   12         SH:  0    Dex: 13    Spells: 1/1 levels left

rFire   . . .      SeeInvis .   a - +0 shortbow
rCold   . . .      Faith    .   (shield currently unavailable)
rNeg    . . .      Spirit   .   c - +0 leather armour
rPois   .          Reflect  .   (helmet restricted)
rElec   .          Harm     .   (no cloak)
rCorr   +          Rampage  .   (no gloves)
Will    .....                   (no boots)
Stlth   +.........              (no amulet)
HPRegen 0.08/turn               d - ring of resist corrosion
MPRegen 0.07/turn               (no ring)

@: no status effects
A: horns 2, retaliatory headbutt
a: no special abilities


You were on level 1 of the Dungeon.
You visited 1 branch of the dungeon, and saw 2 of its levels.

You collected 12 gold pieces.

Inventory:

Hand Weapons
 a - a +0 shortbow (weapon)
Armour
 c - a +0 leather armour (worn)
Jewellery
 d - a ring of resist corrosion (left hand)
Scrolls
 b - 2 scrolls of immolation
 h - a scroll of butterflies {unknown}
Potions
 f - a potion of invisibility {unknown}


   Skills:
 * Level 2.5 Fighting
 * Level 4.9 Ranged Weapons
 * Level 0.3 Armour
 * Level 2.2 Dodging
 * Level 0.9 Stealth
 * Level 0.1 Spellcasting


You had one spell level left.
You didn't know any spells.
Your spell library was empty.

Dungeon Overview and Level Annotations

Branches:
Dungeon (2/15)

Altars:


Innate Abilities, Weirdness & Mutations

You have a pair of horns on your head.
You reflexively headbutt those who attack you in melee.


Message History

Aim: a worm (79% to hit)
You shoot an arrow.
The arrow hits the worm but does no damage.
Unknown command.
There is an escape hatch in the ceiling here.
The worm bites you! A mysterious force pulls you upwards.
The hatch slams shut behind you.
Fire: a) +0 shortbow
Press: ? - help, Q - select action Shift-Dir - straight line, f - worm
Aim: a worm (79% to hit)
You shoot an arrow. The arrow hits the worm.
The worm is moderately wounded.
Unknown command.
Fire: a) +0 shortbow
Press: ? - help, Q - select action Shift-Dir - straight line, f/p - worm
Aim: a worm (moderately wounded, 79% to hit)
You shoot an arrow. The arrow hits the worm.
The worm is heavily wounded.
The worm barely misses you. You furiously retaliate!
You headbutt the worm.
Fire: a) +0 shortbow
Press: ? - help, Q - select action Shift-Dir - straight line, f/p - worm
Aim: a worm (severely wounded, 79% to hit)
You shoot an arrow. The arrow barely misses the worm.
The worm bites you.
Unknown command.
Fire: a) +0 shortbow
Press: ? - help, Q - select action Shift-Dir - straight line, f/p - worm
Aim: a worm (heavily wounded, 79% to hit)
You shoot an arrow.
The arrow hits the worm but does no damage.
The worm is heavily wounded.
The worm bites you.
* * * LOW HITPOINT WARNING * * *
Fire: a) +0 shortbow
Press: ? - help, Q - select action Shift-Dir - straight line, f/p - worm
Aim: a worm (heavily wounded, 79% to hit)
You shoot an arrow. The arrow hits the worm.
The worm is almost dead.
The worm bites you!
You die...

###.#####
........# #@#
#...w........
#####.#.....#
#.....#.#
##.# ### ....
#.... ##..#
..... #.#..
##...##
##+#### #.#.#
##.....##
##...## #.#.#
##.......##
##.....##
#.#.#


You could see a worm.

Vanquished Creatures
  An adder (D:2)
  A bat (D:1)
  An endoplasm (D:1)
  A giant cockroach (D:2)
  A hobgoblin (D:1)
  A kobold (D:1)
  A rat (D:1)
7 creatures vanquished.

Notes
Turn   | Place    | Note
-------+----------+-------------------------------------------
     0 | D:1      | Senryu the Minotaur Hunter began the quest for the Orb.
     0 | D:1      | Reached XP level 1. HP: 18/18 MP: 0/0
   304 | D:2      | Reached XP level 2. HP: 25/25 MP: 1/1
   365 | D:1      | Slain by a worm

Illustrated notes

Levels and vault maps discovered:
D:1:      psy_arrival_terrarium, layout_loops_corners,
          hellmonk_ecumenical_altar_crossroads
D:2:      layout_basic, serial_forest, infiniplex_forest_straight_3,
          infiniplex_forest_end_3, infiniplex_forest_fountain,
          infiniplex_forest_fountain, infiniplex_forest_lined_2,
          infiniplex_forest_straight_2

Action                   || total
-------------------------++-------
 Fire: Shortbow          ||    23
  Use: Scroll            ||     3
Armor: Leather armour    ||     6
Dodge: Dodged            ||     8
